 Dungeon Crawl Stone Soup version 0.19.5 (webtiles) character file.

105 Wander the Insei (level 4, -6/33 HPs)
             Began as a Demonspawn Skald on Apr 1, 2017.
             Killed from afar by an orc wizard (8 damage)
             ... with a magic dart
             ... on level 3 of the Dungeon.
             The game lasted 00:04:54 (1764 turns).

Wander the Insei (Demonspawn Skald)                 Turns: 1764, Time: 00:04:55

Health: -6/33      AC:  3    Str: 10 (12) XL:     4   Next: 54%
Magic:  7/7        EV: 11    Int: 14      God:
Gold:   119        SH:  0    Dex: 11 (13) Spells: 1 memorised, 6 levels left

rFire  . . .     SeeInvis .       - Unarmed
rCold  . . .     Gourm    .     a - +0 leather armour
rNeg   . . .     Faith    .     (no shield)
rPois  .         Spirit   .     (no helmet)
rElec  .         Reflect  .     (no cloak)
rCorr  .         Harm     .     (no gloves)
MR     .....                    (no boots)
Stlth  +.........               (no amulet)
                                (no ring)
                                (no ring)

@: no status effects
A: hooves 1, rot immunity
a: no special abilities


You were on level 3 of the Dungeon.
You were not hungry.

You visited 1 branch of the dungeon, and saw 4 of its levels.

You collected 119 gold pieces.

Inventory:

Armour
 a - a +0 leather armour (worn)
Scrolls
 d - a scroll of recharging {unknown}
 e - 3 scrolls of identify {unknown}
 j - a scroll of remove curse {unknown}
 m - 2 scrolls of teleportation {unknown}
Potions
 l - a potion of flight {unknown}
 n - a potion of mutation {unknown}
Books
 b - a book of Battle

   Spells                             Type                      Level
   a - Infusion                       Charms                       1
   b - Shroud of Golubria             Charms/Translocation         2
   c - Song of Slaying                Charms                       2
   d - Spectral Weapon                Hexes/Charms                 3
   e - Regeneration                   Charms/Necromancy            3
Comestibles
 c - 5 bread rations
 f - a slice of pizza
 g - a beef jerky
 h - 2 meat rations
 i - 2 chunks of flesh
 k - a royal jelly


   Skills:
 - Level 2.0 Fighting
 - Level 0.8 Armour
 - Level 0.8 Dodging
 + Level 4.4 Unarmed Combat
 - Level 2.0 Spellcasting
 - Level 2.6 Charms


You had 6 spell levels left.
You knew the following spells:

 Your Spells              Type           Power        Failure   Level  Hunger
a - Infusion              Chrm           #...         12%         1    ##.....


Dungeon Overview and Level Annotations

Branches:
Dungeon (4/15)
 Temple: D:4-7

Altars:
Nemelex Xobeh
Sif Muna
Xom


Innate Abilities, Weirdness & Mutations

You have large cloven feet.
You are immune to rotting.


Message History

The orc wizard closely misses you.
You hit the orc wizard but do no damage.
The orc wizard is heavily wounded.
The orc wizard hits you with a dagger.
* * * LOW HITPOINT WARNING * * *
You barely miss the orc wizard.
The orc wizard is heavily wounded.
The orc wizard mumbles some strange words.
The orc wizard flickers and vanishes!
Deactivating autopickup; reactivate with Ctrl-A.
You miss something. You kick something. Something hits you but does no damage.
You completely miss something. Your kick misses something. Something hits you.
* * * LOW HITPOINT WARNING * * *
You miss something. Your kick misses something. Something hits you.
* * * LOW HITPOINT WARNING * * *
You barely miss something.
You hear some strange, mumbled words.
A magic dart appears from out of thin air!
The magic dart hits you!
You die...

.... .... ..... .....
......
##################......
.......))........{.....o
########....)...@#
#.>......)# #.........#
#.........# #.........#
#.........# #.........#
#.........# #.........#


You could see an orc (wandering).

Vanquished Creatures
  2 orc wizards (D:3)
  2 adders (D:2)
  2 oozes
  A dart slug (D:2)
  A leopard gecko (D:1)
  4 orcs (D:3)
  6 giant cockroaches
  5 goblins
  5 hobgoblins
  2 bats (D:1)
  A frilled lizard (D:1)
  3 kobolds
  3 rats (D:1)
37 creatures vanquished.

Notes
Turn   | Place    | Note
-------+----------+-------------------------------------------
     0 | D:1      | Wander the Demonspawn Skald began the quest for the Orb.
     0 | D:1      | Reached XP level 1. HP: 16/16 MP: 3/3
    35 | D:1      | Reached skill level 2 in Unarmed Combat
   271 | D:1      | Gained mutation: You have large cloven feet. [demonic ancestry]
   271 | D:1      | Reached XP level 2. HP: 15/22 MP: 5/5
   855 | D:1      | Reached skill level 3 in Unarmed Combat
  1233 | D:2      | Gained mutation: You are immune to rotting. [demonic ancestry]
  1233 | D:2      | Reached XP level 3. HP: 27/27 MP: 6/6
  1269 | D:2      | Found a sparkling altar of Nemelex Xobeh.
  1269 | D:2      | Found a shimmering altar of Xom.
  1269 | D:2      | Found a deep blue altar of Sif Muna.
  1584 | D:2      | You fall through a shaft for 2 floors!
  1628 | D:3      | Reached XP level 4. HP: 19/33 MP: 7/7
  1634 | D:3      | Reached skill level 4 in Unarmed Combat
  1764 | D:3      | Killed from afar by an orc wizard

Skill      XL: |  1  2  3  4 |
---------------+-------------+-----
Unarmed Combat | 2 3 4 |  4.4
Fighting       | |  2.0
Armour         | |  0.8
Dodging        | |  0.8
Spellcasting   | |  2.0
Charms         | |  2.6

Action                   |  1- 3 |  4- 6 || total
-------------------------+-------+-------++-------
Melee: Unarmed           |   168 |    33 ||   201
       Kick              |    20 |     7 ||    27
       Punch             |     2 |       ||     2
 Cast: Infusion          |     2 |       ||     2
  Use: Potion            |     3 |       ||     3
  Eat: Chunk             |     2 |     1 ||     3
Armor: Leather armour    |    46 |     1 ||    47
Dodge: Dodged            |   102 |     9 ||   111
